 Seeded DCSS version 0.27.1 (webtiles) character file.

Game seed: 16843347396602353568 (custom seed)

103 oldmanjim the Gusty (level 4, -4/36 HPs)
             Began as a Draconian Air Elementalist on Aug 28, 2021.
             Slain by a water moccasin (8 damage)
             ... in a sewer on Aug 29, 2021.
             The game lasted 00:19:41 (2531 turns).

oldmanjim the Gusty (Draconian Air Elementalist)    Turns: 2531, Time: 00:19:41

Health: -4/36      AC:  8    Str: 10    XL:     4   Next: 51%
Magic:  1/8        EV: 12    Int: 20    God:
Gold:   850        SH:  0    Dex: 12    Spells: 8/9 levels left

rFire    . . .     SeeInvis .   f - +0 dagger
rCold    . . .     Faith    .   (no shield)
rNeg     . . .     Spirit   .   (armour unavailable)
rPois    .         Reflect  .   (helmet restricted)
rElec    .         Harm     .   i - +1 cloak {Will+}
rCorr    .         Rampage  .   (no gloves)
Will     ++...                  j - +0 pair of boots
Stlth    ++........             d - amulet "Ytapo" {Fragile Will+ Regen+ Int+4}
HPRegen  1.12/turn              (no ring)
MPRegen  0.11/turn              (no ring)

@: lethally poisoned (-4 -> -4)
A: AC +5, unfitting armour, cold-blooded
a: no special abilities


You were in a sewer.
You visited 1 branch of the dungeon, and saw 3 of its levels.
You also visited: Sewer.

You collected 850 gold pieces.

Inventory:

Hand Weapons
 f - a +0 dagger (weapon)
Missiles
 b - 31 arrows
 c - 32 stones
 h - 24 bolts
Armour
 i - a +1 cloak of willpower (worn)
 j - a +0 pair of boots (worn)
Jewellery
 a - an amulet of the acrobat
 d - the amulet "Ytapo" (around neck) {Fragile Will+ Regen+ Int+4}
   (You acquired it on level 1 of the Dungeon)

   [amulet of regeneration]

   Int:       It affects your intelligence (+4).
   Regen:     It increases your rate of health regeneration.
   Fragile:   It will be destroyed if unequipped.
   Will:      It increases your willpower.
Scrolls
 l - a scroll of enchant armour {unknown}
Potions
 e - 2 potions of curing {unknown}
 g - 2 potions of attraction {unknown}
 k - a potion of might {unknown}


   Skills:
 - Level 2.0 Fighting
 - Level 2.0 Dodging
 - Level 3.0 Stealth
 - Level 3.0 Spellcasting
 + Level 1.6 Conjurations
 - Level 3.0 Air Magic


You had 8 spell levels left.
You knew the following spells:

 Your Spells              Type           Power      Damage    Failure   Level
a - Shock                 Conj/Air       48%        1d6       5%          1

Your spell library contained the following spells:

 Spells                   Type           Power      Damage    Failure   Level
 Static Discharge         Conj/Air       12%        N/A       9%          2
 Swiftness                Air            15%        N/A       12%         3
 Summon Small Mammal      Summ           12%        N/A       14%         1
 Call Canine Familiar     Summ           3%         N/A       38%         3
 Summon Guardian Golem    Hex/Summ       3%         N/A       38%         3
 Tukima's Dance           Hex            3%         N/A       38%         3
 Airstrike                Air            7%         N/A       38%         4
 Passage of Golubria      Tloc           N/A        N/A       80%         4
 Yara's Violent Unravell  Hex/Tmut       1%         3d3       98%         5


Dungeon Overview and Level Annotations

Branches:
Dungeon (3/15)              Sewer (1/1)

Altars:


Innate Abilities, Weirdness & Mutations

Your plain brown scales are hard. (AC +5)
You cannot fit into any form of body armour.
You are cold-blooded and may be slowed by cold attacks.


Message History

Confirm with . or Enter, or press ? or * to list all spells.
Aiming: Shock (safe; 5% risk of failure)
Press: ? - help, Shift-Dir - straight line, f/p - water moccasin
Aim: a water moccasin (heavily wounded, 48% to hit)
The zap hits the water moccasin.
The water moccasin is severely wounded.
You feel sick. The water moccasin bites you.
You hit the water moccasin.
The water moccasin is severely wounded.
You feel sick. The water moccasin bites you. x2
You are more poisoned.
The water moccasin poisons you!
You are too injured to fight recklessly!
You barely miss the water moccasin.
Your tail-slap misses the water moccasin.
The water moccasin is severely wounded.
You feel very sick.
The water moccasin completely misses you.
You hit the water moccasin but do no damage.
The water moccasin is severely wounded.
You feel very sick.
The water moccasin closely misses you. x2
You miss the water moccasin.
The water moccasin is severely wounded.
You feel very sick.
The water moccasin bites you but does no damage.
You closely miss the water moccasin.
Your tail-slap misses the water moccasin.
The water moccasin is severely wounded.
You feel very sick. The water moccasin closely misses you.
You closely miss the water moccasin.
The water moccasin is severely wounded.
You feel sick.
The water moccasin completely misses you.
The water moccasin bites you but does no damage.
You hit the water moccasin.
The water moccasin is almost dead.
You feel sick. The water moccasin bites you!
You die...

..... ... ... ...
#.# ####### #.#
##.....## #S#
##...≈...#
#@#######...≈≈≈†..
#..........≈≈≈≈≈†∩
#.#######...≈≈≈...
#.# ##...≈...# #.#
##.....## #.#
####### #.# #.#
#.#


You could see a water moccasin.

Vanquished Creatures
  3 gnolls
  2 adders (D:2)
  A river rat (D:3)
  A dart slug (D:1)
  6 ball pythons
  10 bats
  4 endoplasms
  2 giant cockroaches
  5 goblins
  3 hobgoblins
  3 frilled lizards
  4 kobolds
  3 rats
47 creatures vanquished.

Notes
Turn   | Place    | Note
-------+----------+-------------------------------------------
     0 | D:1      | oldmanjim the Draconian Air Elementalist began the quest
                  | for the Orb.
     0 | D:1      | Reached XP level 1. HP: 14/14 MP: 3/3
    91 | D:1      | Reached skill level 1 in Fighting
   211 | D:1      | Reached XP level 2. HP: 23/23 MP: 0/5
   373 | D:1      | Found a faded altar of an unknown god.
   441 | D:1      | Identified 3 scrolls of acquirement
   441 | D:1      | Acquired 793 gold pieces
   442 | D:1      | Acquired a +1 cloak of willpower
   443 | D:1      | Acquired the amulet "Ytapo" {Fragile Will+ Regen+ Int+4}
  1068 | D:2      | Reached XP level 3. HP: 29/29 MP: 0/6
  1852 | D:2      | Reached XP level 4. HP: 36/36 MP: 1/8
  2424 | D:3      | Found a glowing drain.
  2463 | Sewer    | Entered a sewer
  2515 | Sewer    | Noticed a water moccasin
  2531 | Sewer    | Slain by a water moccasin

Illustrated notes

Levels and vault maps discovered:
D:1:      wander_arrival_desolate, layout_rooms,
          hellmonk_ecumenical_altar_leap_of_faith,
          chequers_serial_rivers_micro_d
D:2:      layout_loops_corners
D:3:      layout_basic, portal_sewer_entry_a
Sewer:    sewer_big_baddie

Skill      XL: |  1  2  3  4 |
---------------+-------------+-----
Fighting       | 1 2 |  2.0
Stealth        | 2 3 |  3.0
Spellcasting   | 3 |  3.0
Dodging        | 2 |  2.0
Conjurations   | |  1.6
Air Magic      | |  3.0

Action                   |  1- 3 |  4- 6 || total
-------------------------+-------+-------++-------
Melee: Unarmed           |     8 |       ||     8
       Tailslap          |     2 |     2 ||     4
       Dagger            |     6 |    28 ||    34
 Cast: Shock             |    87 |    29 ||   116
  Use: Scroll            |     4 |       ||     4
Armor: Skin              |     5 |    21 ||    26
Dodge: Dodged            |    23 |    39 ||    62
